 Dungeon Crawl Stone Soup version 0.14-a0-2632-gd2f732a (webtiles) character file.

5607 Psiweapon the Covert (level 10, -7/63 HPs)
             Began as a Vampire Enchanter on Feb 15, 2014.
             Was a Follower of Dithmenos.
             Killed from afar by Harold (29 damage)
             ... with a bolt of fire
             ... on Level 2 of the Lair of Beasts on Feb 16, 2014.
             The game lasted 01:05:02 (9961 turns).

Psiweapon the Covert (Vampire Enchanter)            Turns: 9961, Time: 01:05:03

HP  -7/63        AC  0     Str  3      XL: 10   Next: 33%
MP  20/22        EV 25     Int 17      God: Dithmenos [*.....]
Gold 451         SH  0     Dex 21      Spells:  5 memorised,  4 levels left

rFire  . . .     SeeInvis +     j - melded +2,+4 dagger (vamp)
rCold  + . .     Clarity  +     H - melded +2 orc robe {MR+}
rNeg   + + .     Conserve .     g - melded +1 buckler
rPois  +         rCorr    .     (helmet currently unavailable)
rElec  .         rRot     +     T - melded +0 cloak {+Inv}
SustAb . .       Spirit   .     q - melded +0 pair of orc gloves
rMut   .         Warding  .     x - melded +0 pair of boots
Saprov . . .     Stasis   .     F - amulet of clarity
MR     +....                    w - melded ring of sustain abilities
                                p - melded +6 ring of intelligence

@: bat-form, regenerating slowly, flying, wreathed by umbra, very quick,
somewhat resistant to hostile enchantments, extraordinarily stealthy
A: bottle blood, (fangs 0), see invisible, (unbreathing)
a: Bottle Blood, End Transformation, Renounce Religion


You were on level 2 of the Lair of Beasts.
You worshipped Dithmenos.
Dithmenos was aware of your devotion.
You were very thirsty.
You were in vampire bat-form.
You visited 3 branches of the dungeon, and saw 11 of its levels.
You also visited: Sewer.

You collected 451 gold pieces.

Inventory:

Hand weapons
 a - a +1,+1 dagger
 j - a +2,+4 vampiric dagger (melded)
 m - a +0,+0 orcish trident of dragon slaying
 o - the +2 blowgun of Hiaxe {evade, rF- rC+ Str+3 Int+2}
   (You found it on level 5 of the Dungeon)

   It affects your evasion (+5 to EV).
   It affects your strength (+3).
   It affects your intelligence (+2).
   It makes you vulnerable to fire.
   It protects you from cold.
Missiles
 d - 10 darts
 s - 14 poisoned needles
 P - 3 exploding darts (quivered)
Armour
 g - a +1 buckler (melded)
 q - a +0 pair of orcish gloves (melded)
 x - a +0 pair of boots (melded)
 H - a +2 orcish robe of magic resistance (melded)
 M - a steam dragon hide
 T - a +0 cloak of darkness (melded)
Magical devices
 J - a wand of confusion (16) {unknown}
Scrolls
 b - a scroll of fear {unknown}
 e - a scroll of curse weapon
 f - a scroll of noise {unknown}
 i - 3 scrolls of recharging
 r - a scroll of fog
 v - a scroll of curse armour {unknown}
 C - a scroll of blinking {unknown}
 D - a scroll of remove curse
 E - 7 scrolls of teleportation
 I - a scroll of random uselessness {unknown}
 O - a scroll of amnesia {unknown}
 R - a scroll of vulnerability {unknown}
Jewellery
 p - a +6 ring of intelligence (melded)
 w - a ring of sustain abilities (melded)
 F - an amulet of clarity (around neck)
Potions
 h - a potion of lignification {unknown}
 k - a potion of degeneration {unknown}
 n - 3 potions of brilliance {unknown}
 t - 3 potions of curing {unknown}
 u - a potion of berserk rage
 z - a potion of heal wounds
 A - 2 potions of restore abilities
 G - 2 potions of might {unknown}
 K - a potion of mutation {unknown}
 L - a potion of poison {unknown}
 N - 6 potions of blood
 U - a potion of magic {unknown}
Books
 c - a book of Maledictions

   Spells                             Type                      Level
   *Corona                            Hexes                        1
   *Sure Blade                        Hexes/Charms                 2
   *Ensorcelled Hibernation           Hexes/Ice                    2
   Confuse                            Hexes                        3
   *Enslavement                       Hexes                        4
   *Invisibility                      Hexes                        6
 V - a book of Envenomations

   Spells                             Type                      Level
   Spider Form                        Transmutation/Poison         3
   Poison Weapon                      Charms/Poison                3
   Summon Scorpions                   Summoning/Poison             4
   Olgreb's Toxic Radiance            Poison                       4
   Poisonous Cloud                    Conjuration/Poison/Air       6


   Skills:
 + Level 8.1 Short Blades
 - Level 1.2 Throwing
 - Level 5.5 Dodging
 + Level 11.3 Stealth
 + Level 6.7 Shields
 + Level 5.2 Spellcasting
 - Level 8.1 Hexes


You had 4 spell levels left.
You knew the following spells:

 Your Spells              Type           Power        Failure   Level  Hunger
a - Corona                Hex            ####...      4%          1    None
b - Ensorcelled Hibernat  Hex/Ice        ###...       14%         2    #......
c - Sure Blade            Hex/Chrm       ###.......   14%         2    #......
d - Enslavement           Hex            ####....     21%         4    ####...
e - Invisibility          Hex            ####....     95%         6    #######


Dungeon Overview and Level Annotations

Branches:
Dungeon (8/16)             Temple (1/1) D:4            Lair (2/8) D:8

Altars:
Ashenzari
Cheibriados
Dithmenos
Elyvilon
Fedhas
Kikubaaqudgha
Makhleb
Nemelex Xobeh
Sif Muna
Trog
Vehumet
Xom
Yredelemnul
Zin
The Shining One

Shops:
D:5 %

Annotations:
D:4 exclusion: downstairs
D:7 exclusions: orc priest and water moccasin
Lair:2 Harold


Innate Abilities, Weirdness & Mutations

You heal slowly.
You can bottle blood from corpses.
((You have razor-sharp teeth.))*
You have supernaturally acute eyesight.
((You can survive without breathing.))*


Message History

Drink which item? (? for menu, Esc to quit)
You feel much better. You block the water moccasin's attack.
Use which ability? (? or * to list)
You turn into a vampire bat.
Your +2,+4 vampiric dagger melds into your body.
You feel your glee subside.
Your +0 cloak of darkness melds into your body.
Your +0 pair of orcish gloves melds into your body.
Your +0 pair of boots melds into your body.
Your +1 buckler melds into your body.
Your +2 orcish robe of magic resistance melds into your body.
You feel less resistant to hostile enchantments.
Your +6 ring of intelligence melds into your body.
You feel stupid.
Your ring of sustain abilities melds into your body.
Harold closely misses you. The water moccasin bites you.
Harold gestures at you while chanting. The bolt of fire hits you!
Your scroll labeled STRAICK APSU catches fire!
You die...

..# ... +..... .....
......+ ....#..
..h....###...#...
...................
...................
h..................
.#.........@.........
..h.....<.bS.........
####.#.#.#.#..S.f####
# #######.### ##


You could see Harold, 2 water moccasins and 2 jackals.

Vanquished Creatures
  Joseph (Lair:1)
  Grinder (D:6)
  3 blink frogs (Lair:1)
  A komodo dragon (Lair:1)
  Eustachio (D:5)
  A hippogriff (Lair:1)
  3 yaks (Lair:1)
  The ghost of Mygna the Cutter, an average KoAs (D:3)
  A sky beast (D:7)
  3 ogres
  2 phantoms (D:6)
  2 orc warriors (D:7)
  2 centaurs
  A crocodile (Lair:1)
  A giant slug (Lair:1)
  Blork the orc (D:5)
  2 water moccasins (Lair:1)
  4 giant frogs
  A wyvern skeleton (D:7)
  3 killer bees (D:7)
  5 crimson imps
  A hippogriff skeleton (D:6)
  2 goliath beetles (D:6)
  3 jellies
  A gnoll shaman (D:4)
  2 orc priests (D:7)
  A scorpion (D:7)
  2 hounds
  A black bear skeleton (D:6)
  3 iguanas
  3 orc wizards
  4 worker ants
  Ijyb (D:5)
  A hound skeleton (D:8)
  4 gnolls (D:5)
  8 green rats
  5 adders
  2 giant mites
  An inept feature mimic (D:2)
  8 worms
  2 adder zombies
  4 grey rats
  2 giant eyeballs
  8 giant geckos
  2 oozes
  26 orcs
  14 bats
  13 hobgoblins
  14 jackals
  11 kobolds
  5 quokkas
  6 ball pythons
  6 giant cockroaches
  3 giant newts
  17 goblins
  A jackal skeleton (D:6)
  2 quokka zombies
  22 rats
251 creatures vanquished.

Notes
Turn   | Place    | Note
--------------------------------------------------------------
     0 | D:1      | Psiweapon, the Vampire Enchanter, began the quest for the Orb.
     0 | D:1      | Reached XP level 1. HP: 13/13 MP: 3/3
   383 | D:1      | Reached XP level 2. HP: 14/19 MP: 4/4
   536 | D:1      | Learned a level 2 spell: Ensorcelled Hibernation
   715 | D:1      | Reached skill level 1 in Shields
   823 | D:1      | Reached XP level 3. HP: 24/24 MP: 6/6
  1527 | D:2      | Reached skill level 5 in Hexes
  1615 | D:2      | Reached XP level 4. HP: 30/30 MP: 0/7
  1640 | D:3      | Noticed Mygna's ghost (average KoAs)
  1800 | D:3      | Reached XP level 5. HP: 35/35 MP: 5/9
  1894 | D:3      | Found a shattered altar of Ashenzari.
  2001 | D:3      | Killed Mygna's ghost
  2320 | D:3      | Reached skill level 6 in Hexes
  2320 | D:3      | Reached XP level 6. HP: 41/41 MP: 7/10
  2378 | D:3      | Found a glowing drain.
  2408 | Sewer    | Entered a sewer
  2476 | Sewer    | Noticed Jenx's ghost (average FeMo)
  3247 | D:5      | Entered Level 5 of the Dungeon
  3314 | D:4      | Learned a level 2 spell: Sure Blade
  3321 | D:4      | Learned a level 4 spell: Enslavement
  3328 | D:4      | Found a staircase to the Ecumenical Temple.
  3333 | Temple   | Entered the Ecumenical Temple
  3617 | D:4      | Noticed an ogre
  3629 | D:4      | Killed an ogre
  3629 | D:4      | Reached skill level 5 in Stealth
  3655 | D:4      | Found an ancient bone altar of Kikubaaqudgha.
  4279 | D:5      | Noticed Ijyb
  4290 | D:5      | Killed Ijyb
  4293 | D:5      | Reached XP level 7. HP: 46/46 MP: 1/12
  4753 | D:5      | Noticed Eustachio
  5131 | D:5      | Killed Eustachio
  5131 | D:5      | Reached skill level 7 in Hexes
  5281 | D:5      | Found Prott's Food Emporium.
  5403 | D:5      | Got a crude blowgun
  5718 | D:5      | Reached skill level 5 in Dodging
  5718 | D:5      | Reached XP level 8. HP: 52/52 MP: 13/13
  5734 | D:5      | Noticed Blork the orc
  5758 | D:5      | Killed Blork the orc
  5878 | D:5      | Identified the +2 blowgun of Hiaxe {evade, rF- rC+ Str+3 Int+2} (You found it on level 5 of the Dungeon)
  6073 | D:6      | Noticed Grinder
  6099 | D:6      | Killed Grinder
  6099 | D:6      | Reached skill level 5 in Short Blades
  6099 | D:6      | Reached skill level 8 in Hexes
  6192 | D:6      | Reached skill level 1 in Throwing
  7547 | D:7      | Reached XP level 9. HP: 57/57 MP: 9/16
  7857 | D:7      | Reached skill level 5 in Shields
  8412 | D:7      | Reached skill level 9 in Stealth
  8708 | D:7      | Found a burning altar of Makhleb.
  8709 | D:7      | Found a shimmering altar of Xom.
  8709 | D:7      | Found a radiant altar of Vehumet.
  8710 | D:7      | Found a shadowy altar of Dithmenos.
  8711 | D:7      | Found a bloodstained altar of Trog.
  8713 | D:7      | Found a deep blue altar of Sif Muna.
  8732 | D:7      | Found a white marble altar of Elyvilon.
  8742 | D:7      | Became a worshipper of Dithmenos
  8825 | D:8      | Learned a level 6 spell: Invisibility
  9060 | D:8      | Found a staircase to the Lair.
  9067 | Lair:1   | Entered Level 1 of the Lair of Beasts
  9254 | Lair:1   | Reached skill level 10 in Stealth
  9434 | Lair:1   | Reached XP level 10. HP: 63/63 MP: 11/21
  9498 | Lair:1   | Reached skill level 11 in Stealth
  9498 | Lair:1   | Reached skill level 5 in Spellcasting
  9580 | Lair:1   | Noticed Joseph
  9634 | Lair:1   | Killed Joseph
  9949 | Lair:2   | Noticed Harold
  9961 | Lair:2   | Killed from afar by Harold

Action                   |  1- 3 |  4- 6 |  7- 9 | 10-12 || total
-------------------------+-------+-------+-------+-------++-------
Melee: Dagger            |   108 |   182 |   363 |    24 ||   677
 Fire: Blowgun           |       |       |    31 |       ||    31
Throw: Dart              |       |       |    20 |       ||    20
 Cast: Corona            |     1 |       |    13 |       ||    14
       Ensorcelled Hiber |     4 |    21 |   104 |     1 ||   130
       Sure Blade        |       |     6 |    23 |       ||    29
 Abil: Bottle Blood      |       |     8 |     9 |     1 ||    18
       Bat Form          |       |     2 |     4 |     2 ||     8
       End Transformatio |       |     2 |     4 |     1 ||     7
       Evoke Invisibilit |       |       |       |     2 ||     2
  Use: Scroll            |       |     1 |    10 |     1 ||    12
       Potion            |       |     1 |     9 |     1 ||    11
 Stab: Sleeping          |    12 |    25 |    65 |    15 ||   117
       Distracted        |     1 |       |     2 |       ||     3
